 Dungeon Crawl Stone Soup version 0.21.1-1-g345015fe64 (webtiles) character file.

4 Gargoyl the Skirmisher (level 1, -1/19 HPs)
             Began as a Centaur Abyssal Knight on May 22, 2018.
             Was an Initiate of Lugonu.
             Slain by a hobgoblin (2 damage)
             ... on level 1 of the Dungeon.
             The game lasted 00:01:01 (450 turns).

Gargoyl the Skirmisher (Centaur Abyssal Knight)      Turns: 450, Time: 00:01:02

Health: -1/19      AC:  4    Str: 22    XL:     1   Next: 50%
Magic:  2/2        EV:  9    Int: 11    God:    Lugonu [......]
Gold:   25         SH:  0    Dex:  8    Spells: 0/0 levels left

rFire    . . .     SeeInvis .   g - -2 broad axe (curse)
rCold    + + +     Gourm    .   (no shield)
rNeg     . . .     Faith    .   f - +0 leather armour "Dyimo" {+Blink rPois rC++ Str+2} (curse)
rPois    +         Spirit   .   (no helmet)
rElec    .         Reflect  .   (no cloak)
rCorr    .         Harm     .   (no gloves)
MR       .....                  (no barding)
Stlth    ..........             (no amulet)
HPRegen  0.06/turn              e - ring of protection from cold
MPRegen  0.08/turn              h - +6 ring of strength

@: very quick
A: large, hooves 3, deformed body, speed 2, tough skin 3
a: Renounce Religion, Evoke Blink


You were on level 1 of the Dungeon.
You worshipped Lugonu.
Lugonu was noncommittal.
You were not hungry.

You visited 1 branch of the dungeon, and saw 1 of its levels.
You visited the Abyss 1 time.

You collected 25 gold pieces.

Inventory:

Hand Weapons
 a - a +1 hand axe
 g - a cursed -2 broad axe (weapon)
Armour
 b - a +0 leather armour
 f - the cursed +0 leather armour "Dyimo" (worn) {+Blink rPois rC++ Str+2}
   (You found it on level 2 of the Abyss)

   It affects your strength (+2).
   It greatly protects you from cold.
   It protects you from poison.
   It lets you blink.
   It has a curse placed upon it.
 j - a +0 chain mail
Jewellery
 e - a ring of protection from cold (left hand)
 h - a +6 ring of strength (right hand)
Scrolls
 k - a scroll of identify {unknown}
Potions
 d - 2 potions of curing
 i - a potion of lignification {unknown}
Comestibles
 c - 2 rations


   Skills:
 + Level 3.2 Fighting
 + Level 1.9 Axes
 + Level 1.3 Armour
 + Level 0.6 Dodging
 + Level 2.0 Invocations


You couldn't memorise any spells.
You didn't know any spells.

Dungeon Overview and Level Annotations

Branches:
Dungeon (1/15)

Altars:


Innate Abilities, Weirdness & Mutations

You have hooves in place of feet.
Armour fits poorly on your strangely shaped body.
You cover ground very quickly.
You have extremely tough skin. (AC +3)


Message History

You hit the hobgoblin but do no damage. Your kick misses the hobgoblin.
The hobgoblin misses you.
You closely miss the hobgoblin. The hobgoblin closely misses you.
The hobgoblin hits you. The hobgoblin barely misses you.
You barely miss the hobgoblin. You closely miss the hobgoblin.
The hobgoblin hits you.
The hobgoblin hits you but does no damage.
You closely miss the hobgoblin.
You kick the hobgoblin, but do no damage.
You barely miss the hobgoblin. The hobgoblin closely misses you.
The hobgoblin hits you with a club.
* * * LOW HITPOINT WARNING * * *
The hobgoblin closely misses you.
You closely miss the hobgoblin.
You kill the hobgoblin!
Lugonu accepts your kill.
You barely miss the hobgoblin. The hobgoblin hits you.
* * * LOW HITPOINT WARNING * * *
The hobgoblin hits you.
You die...

#..#..# ......
#....# .....
#...#
#######...#
..........####
#....@g....#
#.###.#.##.#
#...# #.###
###.###.####.#
#.....[......#
#.#####.######
#.#####.#
###.#.....#


You could see a hobgoblin.

Vanquished Creatures
  A bat (D:1)
  A hobgoblin (D:1)
  A frilled lizard (D:1)
  A rat (D:1)
4 creatures vanquished.

Notes
Turn   | Place    | Note
-------+----------+-------------------------------------------
     0 | Abyss:1  | Gargoyl the Centaur Abyssal Knight began the quest for the Orb.
     0 | Abyss:1  | Reached XP level 1. HP: 19/19 MP: 2/2
    51 | Abyss:1  | Noticed a small abomination
    52 | Abyss:2  | Found a corrupted altar of Lugonu.
    80 | Abyss:2  | Found a corrupted altar of Lugonu.
    94 | Abyss:2  | Got a transparent leather armour
   106 | Abyss:2  | Identified the cursed +0 leather armour "Dyimo" {+Blink rPois rC++ Str+2} (You found it on level 2 of the Abyss)
   108 | Abyss:2  | Noticed a rakshasa
   108 | Abyss:2  | Noticed a rakshasa
   108 | Abyss:2  | Noticed a glowing orange brain
   108 | Abyss:2  | Noticed a large abomination
   108 | Abyss:2  | Noticed a smoke demon
   109 | Abyss:2  | Noticed a large abomination
   110 | Abyss:2  | Noticed a glowing orange brain
   110 | Abyss:2  | Noticed a bone dragon
   111 | D:1      | Escaped the Abyss
   450 | D:1      | Slain by a hobgoblin

Action                   || total
-------------------------++-------
Melee: Broad axe         ||    10
       Kick              ||     4
Invok: Depart the Abyss  ||     1
  Use: Potion            ||     1
Armor: Leather armour    ||     4
Dodge: Dodged            ||     8
